 Dungeon Crawl Stone Soup version 0.31-a0-182-gc5ef74bbde (webtiles) character file.

Game seed: 10828862052955035256

27 Midn8 the Magician (level 2, -2/20 HPs)
             Began as a Draconian Hedge Wizard on June 21, 2023.
             Slain by a cerulean imp
             ... wielding a -4 spear
             ... summoned by the player character
              (8 damage)
             ... on level 1 of the Dungeon.
             The game lasted 00:03:03 (816 turns).

Midn8 the Magician (Draconian Hedge Wizard)          Turns: 816, Time: 00:03:03

Health: -2/20      AC:  4    Str: 12    XL:     2   Next: 93%
Magic:  4/7        EV: 12    Int: 14    God:
Gold:   18         SH:  0    Dex: 10    Spells: 6/9 levels left

rFire   . . .        a - +0 dagger
rCold   . . .        e - orb {mayhem}
rNeg    . . .        (body armour unavailable)
rPois   .            b - +0 hat
rElec   .            (no cloak)
rCorr   .            (no gloves)
SInv    .            (no boots)
Will    .....        (no amulet)
Stlth   ++           (no ring)
HPRegen 0.23/turn    (no ring)
MPRegen 0.10/turn

%: mayhem
@: no status effects
A: AC +4, unfitting armour, cold-blooded
a: no special abilities


You were on level 1 of the Dungeon.
You visited 1 branch of the dungeon, and saw 1 of its levels.

You collected 18 gold pieces.

Inventory:

Hand Weapons
 a - a +0 dagger (weapon)
Armour
 b - a +0 hat (worn)
 e - an orb of mayhem (worn)
Scrolls
 d - a scroll of teleportation {unknown}
 f - a scroll of revelation {unknown}
Potions
 c - a potion of magic
 g - a potion of mutation {unknown}


   Skills:
 - Level 1.7 Dodging
 - Level 1.7 Stealth
 - Level 4.0 Spellcasting
 - Level 1.0 Conjurations
 + Level 1.1 Summonings
 - Level 1.0 Translocations


You had 6 spell levels left.
You knew the following spells:

 Your Spells              Type           Power      Damage    Failure   Level
a - Magic Dart            Conj           20%        1d4       13%         1
c - Call Imp              Summ           12%        N/A       19%         2

Your spell library contained the following spells:

 Spells                   Type           Power      Damage    Failure   Level
 Slow                     Hex            8%         N/A       19%         1
 Blink                    Tloc           10%        N/A       19%         2
 Cigotuvi's Dreadful Rot  Necr/Pois/Air  4%         N/A       28%         2
 Mephitic Cloud           Conj/Pois/Air  3%         N/A       45%         3


Dungeon Overview and Level Annotations

Branches:
Dungeon (1/15)

Altars:


Innate Abilities, Weirdness & Mutations

Your plain brown scales are hard. (AC +4)
You cannot fit into any form of body armour.
You are cold-blooded and may be slowed by cold attacks.


Message History

Press: ? - help, Dir - move target, f - goblin
Aim: a goblin, wielding a +0 club (heavily wounded, not watching you) Attack!
Your cerulean imp hits the goblin with a -4 spear.
The goblin dies!
Training target 4.0 for Spellcasting reached!
Your Spellcasting skill increases to level 4!
You need to enable at least one skill for training.
You start resting.
A goblin is nearby!
Your cerulean imp disappears in a puff of smoke!
Casting: Call Imp (safe; 19% risk of failure)
Confirm with . or Enter, or press ? or * to list all spells.
A tiny devil pulls itself out of the air.
You closely miss the goblin. You tail-slap the goblin.
The goblin is heavily wounded.
Your cerulean imp closely misses the goblin.
The goblin closely misses you.
You miss the goblin.
The goblin is heavily wounded.
Your cerulean imp closely misses the goblin.
The goblin hits you with a +0 dagger.
You hit the goblin but do no damage. You tail-slap the goblin.
You kill the goblin!
The cerulean imp flies into a frenzy!
The cerulean imp hits you from afar with a -4 spear!
The cerulean imp closely misses you.
The cerulean imp hits you but does no damage.
Things that are here:
a +0 dagger; a goblin corpse The cerulean imp hits you but does no damage.
Your cerulean imp shouts!
The cerulean imp hits you from afar with a -4 spear.
The cerulean imp barely misses you.
The cerulean imp hits you but does no damage.
The cerulean imp hits you from afar with a -4 spear.
* * * LOW HITPOINT WARNING * * *
Your cerulean imp shouts!
The cerulean imp hits you from afar with a -4 spear!
You die...

####### ### #.....# ..
.... #^....# .# ....
#.....# ###.# .... #.....#
#...# ##....
#####.....###.### #....
..)......†....#### #..# .
..###...@.5.....)###.###
....###.....######..)....#
#.........## #....#.#...
#....###.### #.####.####
.. ..#......###
##.###..#... ....
####..÷..# ###..#...#..#
....
##..##.###......###.##
.... #....#......##### ...
..† #.#............ .....


You could see a neutral cerulean imp (summoned, fast, strong, insane).

Vanquished Creatures
  2 dart slugs (D:1)
  A ball python (D:1)
  2 endoplasms (D:1)
  A giant cockroach (D:1)
  2 goblins (D:1)
  2 hobgoblins (D:1)
  2 jackals (D:1)
  A quokka (D:1)
  3 bats (D:1)
  A frilled lizard (D:1)
17 creatures vanquished.

Vanquished Creatures (collateral kills)
  A ball python (D:1)
  A goblin (D:1)
2 creatures vanquished.

Grand Total: 19 creatures vanquished

Notes
Turn   | Place    | Note
-------+----------+-------------------------------------------
     0 | D:1      | Midn8 the Draconian Hedge Wizard began the quest for the
                  | Orb.
     0 | D:1      | Reached XP level 1. HP: 14/14 MP: 4/4
   201 | D:1      | Reached XP level 2. HP: 20/20 MP: 0/6
   262 | D:1      | Learned a level 2 spell: Call Imp
   797 | D:1      | Reached skill level 4 in Spellcasting
   816 | D:1      | Slain by a cerulean imp

Illustrated notes

Levels and vault maps discovered:
D:1:      amcnicky_arrival_choice, layout_rooms

Skill      XL: |  1  2 |
---------------+-------+-----
Spellcasting   | 4 |  4.0
Dodging        | |  1.7
Stealth        | |  1.7
Conjurations   | |  1.0
Summonings     | |  1.1
Translocations | |  1.0

Action                     || total
---------------------------++-------
  Melee: Dagger            ||    17
         Punch             ||     1
         Tailslap          ||     2
   Cast: Magic Dart        ||    43
         Call Imp          ||     4
 Armour: Skin              ||     4
  Dodge: Dodged            ||     7

Table legend: (Time is in decaauts)
 A = Elapsed time spent in this place.
 B = Non-inter-level travel time spent in this place.
 C = Inter-level travel time spent in this place.
 D = Time resting spent in this place.
 E = Time spent auto-exploring this place.
 F = Levels seen in this place.
 G = Mean time per level.
                   A        B        C        D        E       F      G
               +--------+--------+--------+--------+--------+-----+--------+
         Total |    816 |    816 |      0 |    487 |    160 |   1 |  816.0 |
       Dungeon |    816 |    816 |      0 |    487 |    160 |   1 |  816.0 |
               +--------+--------+--------+--------+--------+-----+--------+

Top non-repeatable levels by time:
     D:1: 816 daAuts
